Map: Turbo Cruise '84 LE

Players

Mez

  • Race: Terran Terran
  • League: Master
  • Spawn Location: 7:00

pierOOg - Winner!

  • Race: Zerg Zerg
  • League: Diamond
  • Spawn Location: 3:00

VOD

Have the link to the VOD?

Description

Time

  • Played on: Aug. 7, 2019, 1:57 p.m.
  • Length: 11:17
Show
View Real Time Build Order
Export as new Build Order

Mez Terran 

Build Orders: Reaper Expand 

Get SALT Encoding   

  12  0:01  SCV  
  13  0:13  SCV  
  14  0:17  Supply Depot  
  14  0:25  SCV  
  15  0:39  SCV  
  15  0:41  Barracks  
  16  0:45  Refinery  
  16  0:51  SCV  
  17  1:03  SCV  
  18  1:15  SCV  
  19  1:29  Reaper, Orbital Command  
  20  1:42  Command Center  
  20  1:50  Supply Depot  
  20  1:55  SCV  
  21  2:02  Marine  
  22  2:08  Bunker  
  21  2:19  Factory  
  21  2:20  SCV  
  23  2:23  Marine  
  23  2:32  SCV  
  24  2:42  Barracks Tech Lab  
  24  2:44  SCV  
  25  2:53  Refinery  
  26  2:58  SCV  
  26  2:59  Orbital Command  
  26  3:09  Cyclone  
  26  3:12  SCV  
  30  3:25  SCV x2  
  30  3:26  Starport  
  31  3:31  Barracks Tech Lab  
  31  3:37  SCV  
  31  3:38  SCV  
  31  3:40  Supply Depot  
  33  3:49  SCV  
  33  3:50  SCV  
  33  3:52  Siege Tank  
  38  4:02  SCV x2  
  40  4:11  Supply Depot  
  40  4:13  Banshee  
  40  4:14  SCV x2  
  45  4:19  Barracks Reactor  
  45  4:26  SCV x2, Command Center  
  47  4:38  SCV x2  
  49  4:40  Supply Depot  
  49  4:50  SCV x2  
  51  4:53  Barracks  
  51  4:54  Factory Reactor  
  51  4:59  Banshee  
  54  5:00  Barracks  
  54  5:02  SCV x2  
  54  5:03  Refinery  
  54  5:04  Engineering Bay  
  54  5:06  Stimpack, Engineering Bay  
  56  5:09  Supply Depot  
  56  5:14  SCV x2  
  56  5:15  Refinery  
  56  5:18  Marine  
  59  5:26  SCV x2  
  61  5:38  SCV x2  
  61  5:40  Orbital Command  
  61  5:42  Barracks  
  63  5:44  Barracks  
  63  5:50  SCV  
  63  5:51  SCV, Starport Reactor  
  65  5:57  Marine x5  
  65  5:59  Siege Tank  
  65  6:01  Orbital Command  
  65  6:03  SCV x2  
  72  6:07  Supply Depot  
  72  6:15  SCV x2, Marine x4  
  78  6:21  Marine  
  78  6:25  Missile Turret  
  76  6:27  SCV x2  
  76  6:28  Missile Turret  
  76  6:31  Medivac x2  
  82  6:32  Marine  
  82  6:33  Marine x2  
  82  6:34  Marine x2  
  82  6:35  Marine  
  82  6:39  Marine  
  86  6:40  Missile Turret  
  86  6:42  SCV x2  
  87  6:49  SCV  
  87  6:54  SCV x2  
  90  6:55  Barracks Reactor x2  
  90  6:56  Missile Turret  
  90  7:00  Missile Turret  
  90  7:01  Terran Infantry Armor Level 1, Terran Infantry Weapons Level 1  
  90  7:03  Armory  
  90  7:06  Supply Depot  
  90  7:07  Marine  
  90  7:08  Marine x4  
  94  7:10  SCV x3  
  94  7:13  Medivac  
  100  7:17  Missile Turret  
  100  7:25  Marine  
  100  7:27  Medivac  
  100  7:28  Marine x4  
  100  7:29  SCV  
  109  7:30  SCV  
  109  7:35  Bunker  
  109  7:44  Marine  
  109  7:47  Marine  
  109  7:51  Supply Depot  
  109  8:00  Siege Tank, Marine x7  
  109  8:02  Marine  
  109  8:04  SCV x3  
  109  8:05  Marine  
  124  8:07  Supply Depot  
  124  8:09  Supply Depot  
  124  8:11  Combat Shield  
  124  8:16  Factory, SCV x2, Command Center, Medivac  
  124  8:18  Marine x5  
  133  8:20  Supply Depot  
  133  8:29  Marine x3, Medivac  
  133  8:30  Refinery  
  133  8:33  Refinery  
  138  8:36  Terran Vehicle Weapons Level 1  
  138  8:37  Thor  
  138  8:39  Marine x3  
  147  8:46  Supply Depot  
  147  8:47  Supply Depot  
  147  8:54  SCV, Supply Depot  
  147  8:55  SCV  
  149  9:00  Barracks  
  149  9:01  Barracks  
  147  9:02  Barracks  
  147  9:11  Marine x9  
  147  9:13  Factory Tech Lab  
  147  9:16  Medivac  
  158  9:25  Siege Tank  
  158  9:29  Marine  
  129  9:47  Marine  
  129  9:48  Marine x7  
  129  9:51  Barracks Reactor, Barracks Tech Lab x2  
  138  9:52  Siege Tank  
  138  9:56  Marine  
  138  9:57  Medivac x2  
  143  10:05  Marine x2  
  144  10:07  Marine x6  
  149  10:14  Marine x2  
  149  10:16  Marine  
  136  10:23  Marine x2  
  136  10:25  Marine x6  
  136  10:26  Thor  
  131  10:32  Marine, Marauder  
  131  10:34  Marine  
  115  10:43  Cyclone  
  115  10:44  Marine x2, Supply Depot  
  115  10:45  Marine x2, Supply Depot  
  115  10:46  Supply Depot  
  90  10:58  Marine x7  
Show
View Real Time Build Order
Export as new Build Order

pierOOg Zerg - Winner!

Build Orders: Pool First, Muta Ling Bane 

Get SALT Encoding   

  12  0:00  Drone  
  13  0:12  Overlord  
  13  0:17  Drone  
  14  0:23  Extractor  
  14  0:24  Drone  
  15  0:30  Drone  
  15  0:34  Drone  
  17  0:46  Spawning Pool  
  17  0:49  Drone  
  17  0:55  Drone  
  18  1:13  Hatchery  
  18  1:15  Extractor  
  18  1:18  Drone  
  17  1:22  Drone  
  18  1:32  Zergling x2  
  18  1:34  Queen  
  21  1:46  Roach Warren  
  20  1:47  Drone  
  21  1:54  Overlord  
  21  2:03  Drone  
  22  2:14  Queen  
  26  2:22  Drone x2  
  26  2:30  Queen  
  26  2:36  Drone x2  
  30  2:47  Drone x4  
  34  2:55  Overlord  
  34  3:00  Lair  
  34  3:07  Drone x2  
  36  3:24  Drone x7  
  43  3:28  Drone, Extractor  
  43  3:29  Extractor  
  42  3:37  Drone x2  
  42  3:41  Overlord x2  
  44  3:58  Overseer  
  44  4:01  Drone x6  
  50  4:08  Extractor  
  49  4:10  Drone  
  49  4:11  Spire, Drone x3  
  52  4:18  Overlord  
  52  4:23  Overlord  
  52  4:33  Spore Crawler  
  52  4:37  Overlord x2  
  52  4:38  Overlord x2  
  51  4:56  Hatchery  
  50  5:00  Overseer  
  50  5:07  Drone x2  
  50  5:08  Drone  
  53  5:29  Mutalisk x7  
  67  5:36  Evolution Chamber  
  67  5:37  Evolution Chamber  
  67  5:38  Drone  
  67  5:41  Roach x2  
  67  5:42  Roach x3  
  76  5:48  Glial Reconstitution  
  75  5:58  Drone x4  
  75  6:03  Queen x2  
  83  6:08  Zerg Ground Armor Level 1  
  83  6:13  Drone x3  
  83  6:17  Drone x2  
  88  6:19  Drone  
  89  6:28  Drone x6  
  89  6:32  Spore Crawler  
  94  6:42  Metabolic Boost  
  94  6:47  Zerg Melee Weapons Level 1  
  94  6:50  Drone x8, Baneling Nest  
  101  6:59  Hatchery  
  100  7:08  Drone x2  
  100  7:09  Drone  
  103  7:16  Overlord x3  
  103  7:18  Hatchery  
  102  7:27  Extractor  
  102  7:29  Zerg Flyer Weapons Level 1, Extractor  
  100  7:30  Zergling x12  
  106  7:39  Zergling x20  
  116  7:50  Centrifical Hooks  
  116  7:54  Zergling x12  
  122  8:03  Zerg Ground Armor Level 2  
  122  8:11  Zergling x14  
  127  8:19  Infestation Pit  
  126  8:23  Drone x2  
  129  8:34  Ravager  
  129  8:35  Baneling x15  
  129  8:36  Baneling x15  
  129  8:38  Zergling x10  
  129  8:40  Overlord  
  129  8:41  Overlord x4  
  134  8:43  Zerg Melee Weapons Level 2  
  134  9:02  Drone x16  
  150  9:06  Mutalisk  
  150  9:07  Mutalisk  
  154  9:13  Hive  
  154  9:22  Zergling x14  
  161  9:27  Spore Crawler  
  160  9:32  Mutalisk x4  
  143  9:46  Zergling x8  
  143  9:47  Zergling x18  
  143  9:52  Zergling x18  
  153  9:53  Zergling x4  
  155  10:02  Zergling x20  
  165  10:08  Baneling  
  165  10:09  Baneling x8  
  165  10:15  Zergling x18  
  158  10:29  Zergling x32  
Tags
 
Add a new tag
Caveats
  • Supply blocks, unpowered buildings, or Contaminate may cause inaccurate times.
  • Supply counts are checked every 10 seconds.